 Dungeon Crawl Stone Soup version 0.24.0-13-gcf9b3192b9 (webtiles) character file.

Game seed: 1975877347652288429, levelgen mode: deterministic

790 Gumption the Firebug (level 7, 0/50 HPs)
             Began as a Red Draconian Fire Elementalist on Nov 6, 2019.
             Was a Follower of Yredelemnul.
             Slain by a gnoll
             ... wielding a +2 spear of pain
              (2 damage)
             ... on level 5 of the Dungeon.
             The game lasted 00:50:29 (7097 turns).

Gumption the Firebug (DrFE)                         Turns: 7097, Time: 00:50:30

Health: 0/50       AC:  7    Str: 11    XL:     7   Next: 57%
Magic:  4/12       EV: 12    Int: 17    God:    Yredelemnul [*.....]
Gold:   282        SH:  4    Dex: 11    Spells: 0/13 levels left

rFire    + . .     SeeInvis .   b - +1 hunting sling
rCold    . . .     Gourm    .   B - +0 buckler
rNeg     . . .     Faith    .   (armour unavailable)
rPois    .         Spirit   .   (helmet restricted)
rElec    .         Reflect  .   (no cloak)
rCorr    .         Harm     .   (no gloves)
MR       .....                  x - +0 pair of boots
Stlth    ++........             (no amulet)
HPRegen  0.16/turn              (no ring)
MPRegen  0.13/turn              (no ring)

@: no status effects
A: breathe fire, unfitting armour, fire resistance 1, cold-blooded, AC +6
a: Breathe Fire, Animate Remains, Renounce Religion


You were on level 5 of the Dungeon.
You worshipped Yredelemnul.
Yredelemnul was aware of your devotion.
You were not hungry.

You visited 1 branch of the dungeon, and saw 5 of its levels.

You collected 282 gold pieces.

Inventory:

Hand Weapons
 a - a +0 short sword
 b - a +1 hunting sling (weapon)
 G - a +2 hunting sling of flaming
Missiles
 g - 181 stones (quivered)
 h - 23 poisoned darts
 n - 8 boomerangs
 r - 2 curare-tipped darts
Armour
 k - a +0 shield
 x - a +0 pair of boots (worn)
 B - a +0 buckler (worn)
Jewellery
 j - a +3 ring of dexterity {unknown}
 w - an uncursed amulet of faith {unknown}
 y - an uncursed ring of flight {unknown}
Scrolls
 d - a scroll of magic mapping
 l - a scroll of immolation {unknown}
 p - 3 scrolls of teleportation
 s - a scroll of random uselessness {unknown}
 t - a scroll of enchant weapon
 v - a scroll of remove curse {unknown}
 z - a scroll of fear {unknown}
 A - a scroll of fog {unknown}
 D - a scroll of blinking {unknown}
 F - a scroll of noise {unknown}
Potions
 c - a potion of brilliance
 f - a potion of haste
 i - a potion of curing
 m - a potion of flight
 q - 3 potions of resistance
 u - a potion of lignification
 C - a potion of magic {unknown}
 E - a potion of heal wounds {unknown}
Comestibles
 e - 9 rations


   Skills:
 - Level 1.7 Dodging
 - Level 1.7 Stealth
 * Level 2.4 Shields
 + Level 3.7 Spellcasting
 * Level 5.0 Conjurations
 * Level 7.1 Fire Magic


You couldn't memorise any spells.
You knew the following spells:

 Your Spells              Type           Power        Failure   Level  Hunger
a - Flame Tongue          Conj/Fire      ###..        1%          1    None
b - Conjure Flame         Conj/Fire      ###.....     4%          3    ###....
c - Sticky Flame          Conj/Fire      ###.....     16%         4    ####...
d - Fireball              Conj/Fire      ###.......   41%         5    ######.

Your spell library contained the following spells:

 Spells                   Type           Power        Failure   Level  Hunger
 Throw Flame              Conj/Fire      ###...       2%          2    ##.....
 Inner Flame              Hex/Fire       ###.....     13%         3    ###....


Dungeon Overview and Level Annotations

Branches:
Dungeon (5/15)
 Temple: D:4-7

Altars:
Vehumet
Yredelemnul
The Shining One

Annotations:
D:3 3 runed translucent doors, pentaxis93's ghost, amateur MfSk


Innate Abilities, Weirdness & Mutations

You can breathe blasts of fire.
Your fiery red scales are hard. (AC +6)
You cannot fit into any form of body armour.
Your flesh is heat resistant. (rF+)
You are cold-blooded and may be slowed by cold attacks.


Message History

The gnoll hits you from afar with a +2 spear of pain.
* * * LOW HITPOINT WARNING * * *
You writhe in agony.
* * * LOW HITPOINT WARNING * * *
Casting: Flame Tongue (safe; 1% risk of failure)
Confirm with . or Enter, or press ? or * to list all spells.
Aiming: Flame Tongue (safe; 1% risk of failure)
Press: ? - help, Shift-Dir - straight line, f/p - gnoll sergeant
Aim: a gnoll sergeant, wielding a +1 spear of piercing, wearing a +0 scale mail and wearing a +0 shield (almost dead)
The flame tongue hits the gnoll sergeant but does no damage.
The gnoll sergeant is almost dead.
The gnoll sergeant hits you but does no damage.
The gnoll hits you from afar with a +2 spear of pain.
* * * LOW HITPOINT WARNING * * *
You writhe in agony.
* * * LOW HITPOINT WARNING * * *
Okay, then.
The gnoll hits you from afar with a +2 spear of pain.
You die...
Your body rises from the dead as a mindless zombie.

##..#...... #...##)...#
#....#...## ##.......##
######.).......
##...###...[.... ####
#....##.........
##..###....#...#..(###
#..#.@..............##
##...##g.......((.....
##....g......#........
#....###..............
##...###...............
#....##.........###.###
##...##......#..# #..#
##.####....###...#.##
### ###.## #.....#


You could see a gnoll.

Vanquished Creatures
  An ice beast (D:5)
  A bullfrog (D:3)
  2 howler monkeys
  A crimson imp (D:5)
  A bullfrog skeleton (D:4)
  An orc priest (D:4)
  3 orc wizards (D:4)
  An iguana (D:4)
  Natasha (thrice) (D:4)
  2 worker ants
  A hound skeleton (D:5)
  Robin (D:2)
  2 gnolls (D:5)
  6 adders
  4 worms
  A dart slug (D:4)
  3 leopard geckos
  17 orcs
  3 bats (D:2)
  3 giant cockroaches
  16 goblins
  9 hobgoblins
  8 jackals
  11 kobolds
  2 quokkas
  6 frilled lizards
  A rat (D:2)
110 creatures vanquished.

Notes
Turn   | Place    | Note
-------+----------+-------------------------------------------
     0 | D:1      | Gumption the Draconian Fire Elementalist began the quest
                  | for the Orb.
     0 | D:1      | Reached XP level 1. HP: 14/14 MP: 3/3
   556 | D:1      | Reached XP level 2. HP: 20/20 MP: 1/5
  1380 | D:2      | Reached XP level 3. HP: 20/26 MP: 3/6
  2296 | D:1      | Reached skill level 4 in Fire Magic
  2296 | D:1      | Reached XP level 4. HP: 22/33 MP: 0/7
  2796 | D:2      | Learned a level 3 spell: Conjure Flame
  2829 | D:2      | Noticed Robin
  3114 | D:2      | Killed Robin
  3320 | D:2      | Learned a level 4 spell: Sticky Flame
  3490 | D:3      | Reached XP level 5. HP: 38/38 MP: 7/9
  3570 | D:3      | Found a faded altar of an unknown god.
  3962 | D:3      | Found a basalt altar of Yredelemnul.
  3965 | D:3      | Noticed a profane servitor
  3970 | D:3      | Became a worshipper of Yredelemnul the Dark
  3979 | D:3      | Found a glowing golden altar of the Shining One.
  4122 | D:3      | Noticed an angel
  4163 | D:3      | Noticed pentaxis93's ghost (amateur MfSk)
  4164 | D:3      | Found a runed translucent gate.
  4165 | D:3      | Found a runed translucent gate.
  4166 | D:3      | Found a runed translucent gate.
  4761 | D:4      | Reached XP level 6. HP: 45/45 MP: 3/10
  4850 | D:4      | Reached skill level 5 in Fire Magic
  4851 | D:4      | Noticed Natasha
  4871 | D:4      | Killed Natasha
  4987 | D:4      | Noticed Natasha
  5000 | D:4      | Killed Natasha
  5333 | D:4      | Reached skill level 1 in Shields
  5472 | D:4      | Your scales start taking on a fiery red colour.
  5472 | D:4      | Reached skill level 6 in Fire Magic
  5472 | D:4      | Reached XP level 7. HP: 37/50 MP: 1/12
  5472 | D:4      | Gained mutation: Your flesh is heat resistant. (rF+) [Red
                  | Draconian growth]
  5491 | D:4      | Noticed Natasha
  5641 | D:4      | Killed Natasha
  5649 | D:4      | Reached * piety under Yredelemnul
  5990 | D:5      | Entered Level 5 of the Dungeon
  6099 | D:5      | Reached skill level 7 in Fire Magic
  6534 | D:5      | Found a radiant altar of Vehumet.
  6985 | D:5      | Reached skill level 5 in Conjurations
  7058 | D:5      | Learned a level 5 spell: Fireball
  7091 | D:5      | HP: 2/50 [gnoll/+2 spear of pain (6)]
  7097 | D:5      | Slain by a gnoll

Levels and vault maps discovered:
D:1:      lightli_arrival_quake, layout_loops_ring,
          corexii_item_surrounded_by_moat, serial_bayou_pond_e,
          minmay_misc_feat_ornament
D:2:      layout_rooms, first_ration, kennysheep_cluttered_room, uniq_robin
D:3:      layout_loops_ring, grunt_temple_overflow_holy_war,
          chequers_ecumenical_altar_lobes, ebering_ghost_rock_garden
D:4:      layout_gridville, uniq_natasha
D:5:      black_bear_nest_2, layout_cave_pools, kennysheep_mini_moat

Skill      XL: |  1  2  3  4  5  6  7 |
---------------+----------------------+-----
Conjurations   | 2 3 4 5 |  5.0
Fire Magic     | 4 6 7 |  7.1
Spellcasting   | 3 |  3.7
Shields        | 1 2 |  2.4
Dodging        | |  1.7
Stealth        | |  1.7

Action                   |  1- 3 |  4- 6 |  7- 9 || total
-------------------------+-------+-------+-------++-------
Melee: Short sword       |    32 |    23 |    56 ||   111
       Tailslap          |     4 |     3 |       ||     7
 Fire: Hunting sling     |       |    67 |    73 ||   140
Throw: Stone             |     5 |       |       ||     5
       Boomerang         |       |     7 |       ||     7
       Dart              |       |     2 |    27 ||    29
 Cast: Flame Tongue      |    52 |   119 |    55 ||   226
  Use: Scroll            |       |     7 |     2 ||     9
 Stab: Sleeping          |     3 |       |       ||     3
  Eat: Chunk             |     5 |    10 |     2 ||    17
       Ration            |       |       |     1 ||     1
Armor: Skin              |    21 |    27 |    37 ||    85
Dodge: Dodged            |    58 |    47 |    51 ||   156
Block: Buckler           |       |     4 |    18 ||    22
